 Dungeon Crawl Stone Soup version 0.17.1-3-g152610e (webtiles) character file.

13712 Enish the Summoner (level 11, -16/81 HPs)
             Began as a Demigod Wanderer on Mar 15, 2016.
             Demolished by a death yak (21 damage)
             ... on level 3 of the Lair of Beasts.
             The game lasted 01:02:30 (18148 turns).

Enish the Summoner (Demigod Wanderer)              Turns: 18148, Time: 01:02:30

Health: -16/81     AC: 12    Str: 16    XL:     11   Next: 50%
Magic:  34/34      EV: 12    Int: 29    God:
Gold:   591        SH:  0    Dex: 17    Spells: 4 memorised, 11 levels left

rFire  . . .     SeeInvis .     a - +0 trident
rCold  + . .     Clarity  +     l - +3 leather armour {rC+}
rNeg   . . .     SustAt   +     (no shield)
rPois  .         Gourm    .     R - +4 helmet of the Valley {rCorr Int+5 Dex+3}
rElec  .         Spirit   .     (no cloak)
rCorr  +         Warding  .     Q - +0 pair of gloves
rMut   .         Rnd*Tele +     (no boots)
MR     +....                    y - amulet of rage
Stlth  +++.......               m - ring of magical power
                                H - +5 ring of slaying

@: somewhat resistant to hostile enchantments, fairly stealthy
A: camouflage 1, clarity, clever 1, high mp 1, robust 1, teleportitis 1, sustain
attributes, MP-powered wands
a: Evoke Berserk Rage


You were on level 3 of the Lair of Beasts.
You were hungry.

You visited 2 branches of the dungeon, and saw 13 of its levels.

You collected 771 gold pieces.
You spent 180 gold pieces at shops.

Inventory:

Hand Weapons
 a - a +0 trident (weapon)
 b - a +1 blowgun
 i - a +0 short sword of distortion
Missiles
 c - 79 poisoned needles
 e - 7 javelins (quivered)
 g - 7 needles of paralysis
 G - 8 curare-tipped needles
Armour
 l - a +3 leather armour of cold resistance (worn)
 Q - a +0 pair of gloves (worn)
 R - the +4 helmet of the Valley (worn) {rCorr Int+5 Dex+3}
   (You found it on level 8 of the Dungeon)

   It affects your intelligence (+5).
   It affects your dexterity (+3).
   It protects you from acid and corrosion.
 Y - a +1 large shield of fire resistance
Jewellery
 m - a ring of magical power (right hand)
 n - an uncursed ring of stealth
 y - an amulet of rage (around neck)
 z - an uncursed ring of wizardry
 C - an uncursed ring of protection from fire
 H - a +5 ring of slaying (left hand)
 I - an uncursed ring of protection from cold
 X - an uncursed ring of protection from fire
Wands
 h - a wand of lightning (7)
 o - a wand of confusion (26)
 F - a wand of digging (16)
 M - a wand of magic darts (36)
 N - a wand of paralysis (12)
 U - a wand of fireball (7)
Scrolls
 j - 2 scrolls of magic mapping {unknown}
 q - a scroll of identify
 t - 3 scrolls of remove curse
 v - 3 scrolls of amnesia
 x - 4 scrolls of enchant armour
 B - 2 scrolls of enchant weapon
 E - 4 scrolls of recharging
 J - 4 scrolls of teleportation
 P - a scroll of silence {unknown}
 S - a scroll of vulnerability {unknown}
 V - a scroll of brand weapon {unknown}
Potions
 k - 3 potions of brilliance
 p - a potion of resistance
 r - 8 potions of curing
 s - 4 potions of might
 u - 2 potions of agility
 w - a potion of flight
 D - a potion of invisibility {unknown}
 K - 3 potions of lignification {unknown}
 L - a potion of berserk rage
 W - 2 potions of poison {unknown}
Books
 d - a book of Callings

   Spells                             Type                      Level
   a - Summon Small Mammal            Summoning                    1
   b - Call Imp                       Summoning                    2
   c - Call Canine Familiar           Summoning                    3
   d - Summon Guardian Golem          Hexes/Summoning              3
   e - Summon Lightning Spire         Summoning/Air                4
   f - Summon Ice Beast               Ice/Summoning                4
 O - an Akashic Record

   Spells                             Type                      Level
   a - Dispersal                      Translocation                6
   b - Malign Gateway                 Summoning/Translocation      7
   c - Disjunction                    Translocation                8
   d - Controlled Blink               Translocation                8
Comestibles
 f - 12 bread rations
 A - 3 meat rations
 T - 9 royal jellies


   Skills:
 - Level 7.0 Polearms
 - Level 1.0 Throwing
 - Level 1.7 Dodging
 - Level 1.0 Stealth
 - Level 1.0 Shields
 - Level 7.0 Spellcasting
 * Level 13.8 Summonings
   Level 1.7 Transmutations


You had 11 spell levels left.
You knew the following spells:

 Your Spells              Type           Power        Failure   Level  Hunger
a - Call Imp              Summ           ######..     1%          2    None
b - Call Canine Familiar  Summ           ######..     1%          3    None
c - Summon Ice Beast      Ice/Summ       ######..     4%          4    ##.....
d - Summon Lightning Spi  Summ/Air       ######..     4%          4    ##.....


Dungeon Overview and Level Annotations

Branches:
Dungeon (9/15)             Temple (0/1) D:7            Lair (4/8) D:9
 Spider (0/4) Lair:4          Orc (0/4) D:9
  Swamp: Lair:3-6    Shoals: Lair:3-6

Shops:
D:5 :   D:6 !


Innate Abilities, Weirdness & Mutations

You have an increased reservoir of magic (+10% MP).
Your attributes are resistant to harm.
Your skin changes colour to match your surroundings (Stealth).
You possess an exceptional clarity of mind.
Your mind is acute. (Int +2)
You are robust (+10% HP).
You are occasionally teleported next to monsters.
You expend magic power (3 MP) to strengthen your wands.


Message History

The death yak gores you. The yak misses you.
The death yak gores you but does no damage.
There is a stone staircase leading up here.
The death yak gores you!! x2
The yak gores you but does no damage. The death yak gores you!!
* * * LOW HITPOINT WARNING * * *
You climb upwards.
There is a stone staircase leading down here.
Unknown command.
Read which item? (? for menu, Esc to quit)
Okay, then.
Drink which item? (? for menu, Esc to quit)
Okay, then.
Casting: Call Canine Familiar
Confirm with . or Enter, or press ? or * to list all spells.
Okay, then.
The death yak gores you!
* * * LOW HITPOINT WARNING * * *
The death yak gores you!!
You die...

...##.....)###........###........
.#Y..........#........##P........
.#....................####P....##
.....................<...........
.#...............................
.#.#.............................
.####............................
..###............YYY.............
.#.#P...........@.Y..............
.#................Y..............
.###.............................
.# ##.#....##....................
.# #########P........P#......#..
.# #.........##......... ##
##........#.....#####
##........##...##
#P........#...##


You could see 4 death yaks and a yak.

Vanquished Creatures
  A komodo dragon (Lair:1)
  A queen bee (D:8)
  A boulder beetle (Lair:3)
  2 blink frogs (Lair:3)
  3 hippogriffs
  A human (D:7)
  A yak (Lair:3)
  3 water moccasins
  3 porcupines
  An ice beast (D:6)
  A sky beast (D:8)
  An ogre (D:4)
  A centaur (D:9)
  4 giant frogs
  Blork the orc (D:5)
  2 crocodiles
  2 scorpions
  Dowan (D:5)
  6 killer bees
  3 wights (D:8)
  A crimson imp (D:6)
  2 jellies
  A centaur zombie (D:8)
  7 iguanas
  2 orc wizards
  A centaur skeleton (D:4)
  2 giant frog skeletons
  3 hounds
  2 orc priests
  3 worker ants
  3 sheep (Lair:3)
  A hound skeleton (D:8)
  A hound zombie (D:7)
  A worker ant zombie (D:9)
  2 gnolls
  5 adders
  4 river rats
  A shadow imp (D:5)
  2 oozes
  An adder zombie (D:7)
  A worm (D:3)
  7 giant geckos
  21 orcs
  2 ball pythons
  6 giant cockroaches
  2 hobgoblins (D:2)
  10 jackals
  A kobold (D:7)
  4 quokkas
  7 bats
  A giant gecko zombie (D:6)
  3 giant newts
  7 goblins
  5 rats
161 creatures vanquished.

Vanquished Creatures (collateral kills)
  3 hydras
  A death yak (Lair:4)
  Sonja (Lair:2)
  The ghost of kutaczsisior the Shield-Bearer, a novice DsFi of Lugonu (D:8)
  An elephant (D:9)
  6 spiny frogs
  A black mamba (Lair:3)
  A fire drake (Lair:2)
  5 komodo dragons
  A two-headed ogre (D:7)
  10 blink frogs
  The ghost of Lusmu the Sneak, an amateur KoEn (D:4)
  A human (D:7)
  A deep elf mage (D:8)
  A steam dragon (Lair:3)
  12 yaks
  5 wolves (Lair:3)
  A hippogriff (Lair:3)
  Edmund (D:6)
  9 water moccasins
  Duvessa (D:5)
  7 orc warriors
  A porcupine (Lair:1)
  3 sky beasts
  An ogre (D:9)
  2 ice beasts
  5 crocodiles
  A big kobold (D:7)
  2 giant frogs
  A wight (D:8)
  16 killer bees
  A jelly (D:5)
  5 orc priests
  The ghost of LonesomeOreo the Grave Robber, a weakling VSNe (D:3)
  6 iguanas
  A worker ant (D:9)
  Terence (D:2)
  4 orc wizards
  14 sheep
  Robin (D:2)
  4 gnolls
  23 river rats
  6 adders
  An ooze (D:4)
  An adder skeleton (D:9)
  A worm (D:4)
  21 orcs
  4 goblins (D:2)
  A hobgoblin (D:2)
  A jackal (D:5)
  9 kobolds
  A quokka skeleton (D:5)
  A rat (D:2)
  A fungus (Lair:1)
212 creatures vanquished.

Vanquished Creatures (others)
  The ghost of jesusflecha the Destroyer, a journeyman HECj of Qazlal (Lair:1)
  A fulminant prism (Lair:1)
  2 fungi (Lair:2)
  A plant (Lair:3)
5 creatures vanquished.

Grand Total: 378 creatures vanquished

Notes
Turn   | Place    | Note
--------------------------------------------------------------
     0 | D:1      | Enish the Demigod Wanderer began the quest for the Orb.
     0 | D:1      | Enish set off with: a book of Callings, a +0 spear, 10 poisoned needles, a +0 blowgun, a +0 robe, a bread ration
     0 | D:1      | Reached XP level 1. HP: 14/14 MP: 3/3
   436 | D:1      | Reached skill level 1 in Spellcasting
   752 | D:1      | Reached XP level 2. HP: 20/20 MP: 7/7
   758 | D:1      | Learned a level 2 spell: Call Imp
   932 | D:2      | Noticed Robin
   961 | D:2      | Reached skill level 2 in Spellcasting
   991 | D:2      | Killed Robin
  1066 | D:2      | Reached XP level 3. HP: 13/26 MP: 8/8
  1689 | D:2      | Noticed Terence
  1705 | D:2      | Killed Terence
  1705 | D:2      | Reached XP level 4. HP: 10/33 MP: 7/9
  2354 | D:2      | Reached skill level 3 in Summonings
  2401 | D:2      | Learned a level 3 spell: Call Canine Familiar
  2402 | D:3      | Noticed LonesomeOreo's ghost (weakling VSNe)
  3320 | D:3      | Killed LonesomeOreo's ghost
  3320 | D:3      | Reached skill level 4 in Summonings
  3320 | D:3      | Reached XP level 5. HP: 38/38 MP: 4/10
  3754 | D:4      | Noticed Lusmu's ghost (amateur KoEn)
  3758 | D:4      | Noticed an ogre
  3778 | D:4      | Killed Lusmu's ghost
  3865 | D:4      | Killed an ogre
  3865 | D:4      | Reached skill level 5 in Summonings
  3865 | D:4      | Reached XP level 6. HP: 43/45 MP: 11/11
  3875 | D:4      | Learned a level 4 spell: Summon Ice Beast
  3948 | D:4      | Found a basalt altar of Yredelemnul.
  4201 | D:4      | Found an opulent altar of Gozag.
  4478 | D:4      | Reached skill level 6 in Summonings
  4654 | D:5      | Entered Level 5 of the Dungeon
  4685 | D:5      | Noticed Duvessa
  4688 | D:5      | Noticed Dowan
  4736 | D:5      | Killed Dowan
  5107 | D:5      | Killed Duvessa
  5112 | D:5      | Gained mutation: You are occasionally teleported next to monsters. [potion of mutation]
  5112 | D:5      | Gained mutation: Your skin changes colour to match your surroundings (Stealth). [potion of mutation]
  5112 | D:5      | Gained mutation: Your flesh is cold resistant. [potion of mutation]
  5175 | D:5      | Found Ziduva's Book Emporium.
  5213 | D:5      | Noticed Blork the orc
  5226 | D:5      | Killed Blork the orc
  5226 | D:5      | Reached XP level 7. HP: 48/50 MP: 13/13
  5390 | D:5      | Found a blossoming altar of Fedhas.
  5419 | D:5      | Reached skill level 7 in Summonings
  5848 | D:6      | Found Voeg Feu's Distillery.
  5865 | D:6      | Noticed Edmund
  5883 | D:6      | Killed Edmund
  5904 | D:6      | Bought a potion of might for 60 gold pieces
  5904 | D:6      | Bought a potion of curing for 45 gold pieces
  5904 | D:6      | Bought 2 potions of mutation for 75 gold pieces
  5914 | D:6      | Gained mutation: You are robust (+10% HP). [potion of mutation]
  5914 | D:6      | Gained mutation: You expend magic power (3 MP) to strengthen your wands. [potion of mutation]
  6377 | D:6      | Gained mutation: You possess an exceptional clarity of mind. [potion of mutation]
  6377 | D:6      | Gained mutation: Your mind is acute. (Int +2) [potion of mutation]
  6377 | D:6      | Lost mutation: Your flesh is cold resistant. [potion of mutation]
  6440 | D:6      | Reached skill level 8 in Summonings
  6951 | D:6      | Reached XP level 8. HP: 49/62 MP: 13/16
  6957 | D:6      | Learned a level 4 spell: Summon Lightning Spire
  7253 | D:7      | Noticed a two-headed ogre
  7262 | D:7      | Killed a two-headed ogre
  7482 | D:7      | Found a staircase to the Ecumenical Temple.
  7538 | D:7      | Reached skill level 5 in Spellcasting
  7744 | D:7      | Found an iron altar of Okawaru.
  7859 | D:7      | Found a shadowy altar of Dithmenos.
  8322 | D:8      | Got a faintly glowing helmet
  8333 | D:8      | Identified the +4 helmet of the Valley {rCorr Int+5 Dex+3} (You found it on level 8 of the Dungeon)
  8646 | D:8      | Noticed a queen bee
  9041 | D:8      | Noticed kutaczsisior's ghost (novice DsFi)
  9061 | D:8      | Killed kutaczsisior's ghost
  9061 | D:8      | Reached XP level 9. HP: 60/68 MP: 10/23
  9168 | D:8      | Reached skill level 9 in Summonings
  9329 | D:8      | Found a radiant altar of Vehumet.
  9467 | D:8      | Killed a queen bee
  9741 | D:8      | Reached skill level 10 in Summonings
 10005 | D:9      | Got a crude bronze ring
 10023 | D:9      | Noticed an elephant
 10033 | D:9      | Killed an elephant
 10036 | D:9      | Identified the ring "Fosogop" {+/*Tele rC- Str+2 Dex+3} (You found it on level 9 of the Dungeon)
 10041 | D:9      | Found a staircase to the Lair.
 10184 | D:9      | Reached skill level 11 in Summonings
 10582 | D:9      | Found a roughly hewn altar of Beogh.
 10582 | D:9      | Found a staircase to the Orcish Mines.
 10593 | D:9      | Reached XP level 10. HP: 43/75 MP: 24/24
 11095 | Lair:1   | Entered Level 1 of the Lair of Beasts
 11549 | Lair:1   | Reached skill level 12 in Summonings
 11565 | Lair:1   | Noticed jesusflecha's ghost (journeyman HECj)
 11579 | Lair:1   | Killed jesusflecha's ghost
 12290 | Lair:1   | Got a transparent ruby amulet
 12292 | Lair:1   | Identified the amulet of the Bull {Inacc Str+3} (You found it on level 1 of the Lair of Beasts)
 12354 | Lair:1   | Reached skill level 5 in Polearms
 13016 | Lair:2   | Noticed Sonja
 13020 | Lair:2   | Noticed an eight-headed hydra
 13031 | Lair:2   | Killed an eight-headed hydra
 13481 | Lair:2   | Killed Sonja
 13618 | Lair:2   | Noticed a five-headed hydra
 13626 | Lair:2   | Killed a five-headed hydra
 14641 | Lair:2   | Reached XP level 11. HP: 34/81 MP: 25/25
 16192 | Lair:3   | Noticed a seven-headed hydra
 16203 | Lair:3   | Reached skill level 13 in Summonings
 16205 | Lair:3   | Killed a seven-headed hydra
 17760 | Lair:4   | Noticed a death yak
 17789 | Lair:4   | Killed a death yak
 17941 | Lair:4   | Noticed a death yak
 17942 | Lair:4   | Noticed a death yak
 17955 | Lair:4   | Noticed a death yak
 17955 | Lair:4   | Noticed a death yak
 17978 | Lair:4   | Found a hole to the Spider Nest.
 18144 | Lair:4   | Noticed a death yak
 18144 | Lair:4   | Noticed a death yak
 18144 | Lair:4   | Noticed a death yak
 18144 | Lair:4   | Noticed a death yak
 18144 | Lair:4   | Noticed a death yak
 18148 | Lair:3   | Demolished by a death yak

Action                   |  1- 3 |  4- 6 |  7- 9 | 10-12 || total
-------------------------+-------+-------+-------+-------++-------
Melee: Spear             |   111 |   216 |       |       ||   327
       Trident           |       |    35 |   406 |   224 ||   665
 Fire: Blowgun           |    21 |     9 |    17 |     2 ||    49
 Cast: Call Imp          |    11 |    18 |     4 |       ||    33
       Call Canine Famil |       |    18 |    34 |    50 ||   102
       Summon Ice Beast  |       |       |    52 |   125 ||   177
       Summon Lightning  |       |       |     1 |       ||     1
 Abil: Evoke Berserk Rag |       |       |       |     1 ||     1
  Use: Potion            |     2 |     1 |     2 |       ||     5
       Scroll            |       |    15 |     7 |     4 ||    26
 Stab: Sleeping          |     2 |     1 |     6 |     4 ||    13
       Distracted        |       |     1 |     3 |     1 ||     5
  Eat: Chunk             |     3 |     8 |    14 |     9 ||    34
       Meat ration       |       |     1 |     2 |     3 ||     6
       Beef jerky        |       |     1 |       |     2 ||     3
       Fruit             |       |       |       |     1 ||     1
       Pizza             |       |       |       |     1 ||     1
